 Dungeon Crawl Stone Soup version 0.19.4-10-g532645f (webtiles) character file.

7818 Eitelfritz the Basher (level 11, -5/67 HPs)
             Began as a Gargoyle Fighter on Feb 24, 2017.
             Was a Believer of Qazlal.
             Slain by a spiny frog (14 damage)
             ... on level 1 of the Lair of Beasts.
             The game lasted 01:02:58 (9255 turns).

Eitelfritz the Basher (Gargoyle Fighter)            Turns: 9255, Time: 01:02:59

Health: -5/67      AC: 26    Str: 25    XL:     11   Next: 21%
Magic:  12/12      EV: 13    Int: 10    God:    Qazlal [**....]
Gold:   183        SH: 15    Dex: 18    Spells: 0 memorised, 10 levels left

rFire  . . .     SeeInvis .     a - +5 flail (holy)
rCold  + . .     Gourm    .     y - +3 chain mail {rC+}
rNeg   + . .     Faith    .     c - +0 shield
rPois  ∞         Spirit   .     (no helmet)
rElec  +         Reflect  .     E - +2 cloak {MR+}
rCorr  +         Harm     .     n - +0 pair of gloves
MR     +....                    (no boots)
Stlth  ..........               (no amulet)
                                G - ring of the Morning {EV+4 Dex+7}
                                o - ring of resist corrosion

@: mighty
A: negative energy resistance 1, electricity resistance, unbreathing,
petrification resistance, rot immunity, AC +7
a: Upheaval, Renounce Religion


You were on level 1 of the Lair of Beasts.
You worshipped Qazlal.
Qazlal was pleased with you.
You were hungry.

You visited 3 branches of the dungeon, and saw 13 of its levels.

You collected 600 gold pieces.
You spent 417 gold pieces at shops.

Inventory:

Hand Weapons
 a - a +5 flail of holy wrath (weapon)
 b - a +2 whip of flaming
 D - a +4 quarterstaff of chaos
 U - a +6 flail
Missiles
 A - 6 javelins (quivered)
Armour
 c - a +0 shield (worn)
 i - a +0 large shield
 n - a +0 pair of gloves (worn)
 y - a +3 chain mail of cold resistance (worn)
 E - a +2 cloak of magic resistance (worn)
 M - the +2 ring mail "Pakhlep" {-Cast MR+ Int+4}
   (You bought it in a shop on level 8 of the Dungeon)

   It affects your intelligence (+4).
   It affects your resistance to hostile enchantments.
   It prevents spellcasting.
 W - a cursed +0 plate armour
Magical Staves
 t - an uncursed staff of power
Jewellery
 l - an uncursed amulet of harm
 o - a ring of resist corrosion (left hand)
 G - the ring of the Morning (right hand) {EV+4 Dex+7}
   (You acquired it on level 9 of the Dungeon)

   [ring of evasion]

   It affects your evasion (+4).
   It affects your dexterity (+7).
 J - an uncursed ring of stealth
 K - an uncursed amulet of guardian spirit
Wands
 r - a wand of confusion (14/48)
 x - a wand of lightning (10/15)
 z - a wand of flame (23/48)
 F - a wand of random effects (31/48)
 P - a wand of flame (22/48)
 T - a wand of flame (23/48)
Scrolls
 e - 6 scrolls of remove curse
 m - 2 scrolls of fog
 p - 2 scrolls of enchant armour
 I - 2 scrolls of teleportation
 L - 4 scrolls of identify
 Q - a scroll of recharging
Potions
 d - a potion of cure mutation {unknown}
 h - a potion of flight
 k - 2 potions of agility
 q - a potion of magic
 s - a potion of mutation {unknown}
 u - a potion of resistance {unknown}
 v - 3 potions of haste
 w - 2 potions of brilliance
 H - 2 potions of cancellation {unknown}
Books
 V - a book of Beasts

   Spells                             Type                      Level
   a - Summon Butterflies             Summoning                    1
   b - Call Canine Familiar           Summoning                    3
   c - Summon Ice Beast               Ice/Summoning                4
   d - Summon Mana Viper              Hexes/Summoning              5
   e - Summon Hydra                   Summoning                    7
Miscellaneous
 O - a crystal ball of energy
Comestibles
 f - 7 bread rations
 g - 12 royal jellies
 j - 3 meat rations
 N - 5 fruits
 S - a beef jerky


   Skills:
 + Level 7.1 Fighting
 + Level 11.1 Maces & Flails
 + Level 8.3 Armour
 + Level 2.6 Dodging
 + Level 1.3 Stealth
 + Level 9.6 Shields
 + Level 2.4 Invocations


You had 10 spell levels left.
You didn't know any spells.

Dungeon Overview and Level Annotations

Branches:
Dungeon (11/15)            Temple (1/1) D:6            Lair (1/6) D:10
    Orc: D:9-12

Altars:
Ashenzari
Cheibriados
Dithmenos
Elyvilon
Fedhas
Gozag
Hepliaklqana
Makhleb
Nemelex Xobeh
Okawaru
Qazlal
Ru
Sif Muna
Trog
Uskayaw
Vehumet
Xom
Yredelemnul
Zin
The Shining One
Lugonu

Shops:
D:6 %   D:8 [=   D:9 *?}


Innate Abilities, Weirdness & Mutations

You are resistant to torment.
Your stone body is resilient. (AC +7)
You are immune to poison.
You resist negative energy. (rN+)
You are resistant to electric shocks. (rElec)
You can survive without breathing.
You are immune to petrification.
You are immune to rotting.


Message History

The komodo dragon bites you!
* * * LOW HITPOINT WARNING * * *
A spiny frog comes into view.
You feel better.
The spiny frog gives a loud, deep croak!
You block the komodo dragon's attack.
You feel very mighty all of a sudden. The komodo dragon bites you.
* * * LOW HITPOINT WARNING * * *
You hit the komodo dragon.
The komodo dragon is severely wounded.
The komodo dragon barely misses you.
You sock the komodo dragon!
You kill the komodo dragon!
Qazlal accepts your kill.
You see here a bullfrog corpse.
You bludgeon the spiny frog!!
The spiny frog is severely wounded.
The spiny frog stings you!
You die...

. # .
..#########.#....
........@........
.......F###.##....
........# # ..
........## ## ...
.........##P##....
........<.........
###.#.#........##
######.......#
#.......#


You could see a spiny frog.

Vanquished Creatures
  2 hill giants (D:10)
  Pikel (D:5)
  A black mamba (Lair:1)
  A spiny frog (Lair:1)
  A centaur skeleton (D:10)
  2 komodo dragons
  A hornet (D:9)
  A hippogriff (D:9)
  The ghost of Ponchio the Conjurer, an amateur DECj (D:5)
  A hungry ghost (D:6)
  2 water moccasins (Lair:1)
  Duvessa (D:5)
  2 ice beasts
  An eye of draining (D:10)
  2 sky beasts
  A slave (D:5)
  A phantom (D:9)
  7 centaurs
  A necrophage (D:6)
  2 crocodiles
  Blork the orc (D:5)
  7 bullfrogs
  A water moccasin zombie (D:7)
  Dowan (D:5)
  3 scorpions
  10 wights
  A howler monkey (D:5)
  4 crimson imps
  A centaur zombie (D:5)
  3 jellies (D:9)
  6 hounds
  4 bullfrog skeletons
  8 orc priests
  3 orc wizards
  Crazy Yiuf (D:5)
  Jessica (D:3)
  3 iguanas
  Terence (D:3)
  2 worker ants
  A hound zombie (D:10)
  A hound skeleton (D:6)
  A howler monkey zombie (D:6)
  13 gnolls
  6 adders
  2 shadow imps
  5 oozes (D:9)
  3 worms
  4 dart slugs
  4 leopard geckos
  45 orcs
  9 giant cockroaches
  5 goblins
  6 hobgoblins
  4 jackals
  7 kobolds
  8 quokkas
  3 bats
  4 frilled lizards
  8 rats
232 creatures vanquished.

Vanquished Creatures (others)
  A wizard (D:10)
  Sigmund (D:5)
  A slave (D:5)
  A worker ant (D:5)
  A leopard gecko (D:5)
  A giant cockroach (D:5)
  4 plants (D:10)
10 creatures vanquished.

Grand Total: 242 creatures vanquished

Notes
Turn   | Place    | Note
-------+----------+-------------------------------------------
     0 | D:1      | Eitelfritz the Gargoyle Fighter began the quest for the Orb.
     0 | D:1      | Reached XP level 1. HP: 14/14 MP: 1/1
   212 | D:1      | Reached XP level 2. HP: 19/19 MP: 2/2
   568 | D:1      | Reached XP level 3. HP: 23/24 MP: 3/3
  1205 | D:2      | Found a stormy altar of Qazlal.
  1324 | D:2      | Found a faded altar of an unknown god.
  1770 | D:2      | Became a worshipper of Qazlal Stormbringer
  1803 | D:3      | Reached skill level 3 in Maces & Flails
  1803 | D:3      | Reached XP level 4. HP: 29/29 MP: 4/4
  1848 | D:3      | Found a blossoming altar of Fedhas.
  1905 | D:3      | Noticed Jessica
  1910 | D:3      | Killed Jessica
  2036 | D:3      | Reached XP level 5. HP: 30/33 MP: 5/5
  2252 | D:3      | Found a radiant altar of Vehumet.
  2253 | D:3      | Found a deep blue altar of Sif Muna.
  2371 | D:3      | Noticed Terence
  2377 | D:3      | Killed Terence
  2688 | D:5      | Entered Level 5 of the Dungeon
  2765 | D:4      | Reached skill level 4 in Maces & Flails
  2765 | D:4      | Reached XP level 6. HP: 33/38 MP: 6/6
  2805 | D:4      | Found a bloodstained altar of Trog.
  2947 | D:4      | Reached * piety under Qazlal
  3078 | D:4      | Reached skill level 1 in Dodging
  3364 | D:5      | Noticed Pikel
  3364 | D:5      | Noticed a slave
  3365 | D:5      | Noticed a slave
  3368 | D:5      | Noticed a slave
  3368 | D:5      | Noticed a slave
  3368 | D:5      | Noticed Ponchio's ghost (amateur DECj)
  3379 | D:5      | Killed Ponchio's ghost
  3379 | D:5      | Reached skill level 5 in Maces & Flails
  3379 | D:5      | Reached XP level 7. HP: 21/44 MP: 7/7
  3389 | D:5      | HP: 1/44 [slave[Pikel] (2)]
  3392 | D:5      | Killed Pikel
  3392 | D:5      | Reached skill level 5 in Fighting
  3392 | D:5      | Reached skill level 6 in Maces & Flails
  3392 | D:5      | Reached skill level 5 in Armour
  3392 | D:5      | Reached skill level 5 in Shields
  3392 | D:5      | Reached XP level 8. HP: 2/49 MP: 8/8
  4075 | D:5      | Noticed Duvessa
  4097 | D:5      | Killed Sigmund
  4122 | D:5      | Noticed Dowan
  4144 | D:5      | Killed Duvessa
  4158 | D:5      | Killed Dowan
  4489 | D:5      | Noticed Blork the orc
  4496 | D:5      | Killed Blork the orc
  4497 | D:5      | Reached skill level 7 in Maces & Flails
  4782 | D:5      | Found a runed door.
  5097 | D:5      | Noticed Crazy Yiuf
  5102 | D:5      | Killed Crazy Yiuf
  5143 | D:6      | Found a shattered altar of Ashenzari.
  5146 | D:6      | Reached XP level 9. HP: 54/54 MP: 9/9
  5278 | D:6      | Found a shadowy altar of Dithmenos.
  5300 | D:6      | Found a sparkling altar of Nemelex Xobeh.
  5426 | D:6      | Found Okloptoa's Food Emporium.
  5437 | D:6      | Bought a slice of pizza for 19 gold pieces
  5437 | D:6      | Bought a beef jerky for 19 gold pieces
  5455 | D:6      | Reached ** piety under Qazlal
  5538 | D:6      | Found a shattered altar of Ashenzari.
  5675 | D:6      | Reached skill level 8 in Maces & Flails
  5687 | D:6      | Found a staircase to the Ecumenical Temple.
  5723 | D:6      | Found a snail-covered altar of Cheibriados.
  5960 | Temple   | Entered the Ecumenical Temple
  6120 | D:8      | Reached skill level 1 in Stealth
  6210 | D:7      | Found a hazy altar of Hepliaklqana.
  6211 | D:7      | Found a shimmering altar of Xom.
  6212 | D:7      | Noticed a spectral ugly thing
  6306 | D:7      | Found a glowing silver altar of Zin.
  6647 | D:9      | Reached skill level 1 in Invocations
  6659 | D:8      | Found Teqyim's Antique Armour Shoppe.
  6665 | D:8      | Bought a heavily runed ring mail for 261 gold pieces
  6687 | D:8      | Identified the +2 ring mail "Pakhlep" {-Cast MR+ Int+4} (You bought it in a shop on level 8 of the Dungeon)
  6750 | D:8      | Reached XP level 10. HP: 60/60 MP: 10/10
  6769 | D:8      | Reached skill level 9 in Maces & Flails
  6939 | D:8      | Found Acliygh's Jewellery Shoppe.
  6942 | D:8      | Bought a cursed -2 ring of strength for 22 gold pieces
  7172 | D:10     | Entered Level 10 of the Dungeon
  7308 | D:9      | Found Inkohunke's Gadget Boutique.
  7363 | D:10     | Noticed a hill giant
  7373 | D:10     | Killed a hill giant
  7736 | D:9      | Found Erchie's Assorted Antiques.
  7747 | D:9      | Bought a scroll labeled DURENAOQUQ for 32 gold pieces
  7747 | D:9      | Bought a scroll labeled ITYATU ISAUR for 32 gold pieces
  7747 | D:9      | Bought a scroll labeled PAGUUC OQERR for 32 gold pieces
  7753 | D:9      | Got a transparent bone ring
  7755 | D:9      | Identified the ring of the Morning {EV+4 Dex+7} (You acquired it on level 9 of the Dungeon)
  7770 | D:9      | Found Uneid's Magic Scroll Emporium.
  8077 | D:10     | Noticed a hill giant
  8086 | D:10     | Killed a hill giant
  8086 | D:10     | Reached skill level 10 in Maces & Flails
  8651 | D:10     | Found a staircase to the Lair.
  9040 | D:10     | Reached XP level 11. HP: 66/66 MP: 12/12
  9053 | D:10     | Found a bloodstained altar of Trog.
  9054 | D:10     | Noticed a wizard
  9059 | D:10     | Killed a wizard
  9173 | Lair:1   | Entered Level 1 of the Lair of Beasts
  9207 | Lair:1   | Reached skill level 11 in Maces & Flails
  9249 | Lair:1   | HP: 3/67 [komodo dragon (12)]
  9255 | Lair:1   | Slain by a spiny frog

Skill      XL: |  1  2  3  4  5  6  7  8  9 10 11 |
---------------+----------------------------------+-----
Fighting       | 4 5 6 7 |  7.1
Maces & Flails | 3 4 5 6 7 8 10 11 | 11.1
Shields        | 4 5 6 7 9 |  9.6
Armour         | 4 5 6 7 8 |  8.3
Dodging        | 1 2 |  2.6
Stealth        | 1 |  1.3
Invocations    | 1 2 |  2.4

Action                   |  1- 3 |  4- 6 |  7- 9 | 10-12 || total
-------------------------+-------+-------+-------+-------++-------
Melee: Flail             |   128 |   130 |   279 |   230 ||   767
       Whip              |       |       |    86 |    22 ||   108
Invok: Upheaval          |       |       |     3 |    10 ||    13
  Use: Scroll            |     8 |       |    10 |     6 ||    24
       Potion            |       |     2 |     1 |     3 ||     6
  Eat: Chunk             |     3 |     5 |     9 |     6 ||    23
       Bread ration      |       |       |     1 |       ||     1
       Beef jerky        |       |       |     1 |     1 ||     2
       Pizza             |       |       |     1 |       ||     1
Armor: Scale mail        |    61 |    61 |    59 |       ||   181
       Chain mail        |       |       |   147 |    62 ||   209
       Skin              |       |       |     2 |       ||     2
Dodge: Dodged            |    36 |    26 |    88 |    66 ||   216
Block: Shield            |    61 |    72 |   229 |   142 ||   504
